 Dungeon Crawl Stone Soup version 0.27-a0-965-gbf8bb431c4 (webtiles) character file.

Game seed: 16808226366743029632

210 leviel the Magician (level 5, 0/35 HPs)
             Began as a Djinni Venom Mage on Apr 12, 2021.
             Slain by a bullfrog (8 damage)
             ... on level 3 of the Dungeon.
             The game lasted 00:03:42 (3252 turns).

leviel the Magician (Djinni Venom Mage)             Turns: 3252, Time: 00:03:42

Health: 0/35       AC:  2    Str:  7    XL:     5   Next: 88%
Gold:   72         EV: 12    Int: 17    God:
                   SH:  0    Dex: 14

rFire    + + +     SeeInvis .   b - staff of fire
rCold    x . .     Faith    .   (no shield)
rNeg     . . .     Spirit   .   a - +0 robe
rPois    ∞         Reflect  .   (no helmet)
rElec    .         Harm     .   (no cloak)
rCorr    .         Rampage  .   (no gloves)
Will     .....                  (boots unavailable)
Stlth    ++........             (no amulet)
HPRegen  0.11/turn              (no ring)
MPRegen  0.00/turn              (no ring)

@: flying
A: fire resistance 2, cold vulnerability 1, float, innate caster, hp casting,
extra vitality 1
a: no special abilities


You were on level 3 of the Dungeon.
You visited 1 branch of the dungeon, and saw 3 of its levels.

You collected 72 gold pieces.

Inventory:

Armour
 a - a +0 robe (worn)
Magical Staves
 b - a staff of fire (weapon)
Wands
 g - a wand of iceblast (8)
 j - a wand of flame (26) (quivered)
Scrolls
 c - 2 scrolls of enchant weapon {unknown}
 d - a scroll of identify {unknown}
 f - a scroll of teleportation {unknown}
 i - a scroll of blinking {unknown}
Potions
 e - a potion of degeneration {unknown}
 h - a potion of heal wounds {unknown}


   Skills:
 + Level 0.2 Fighting
 + Level 0.1 Staves
 + Level 2.6 Dodging
 + Level 2.0 Stealth
 + Level 5.1 Spellcasting


You couldn't memorise any spells.
You knew the following spells:

 Your Spells              Type           Power      Damage    Failure   Level
a - Sting                 Tmut/Pois      84%        1d7       1%          1
b - Poisonous Vapours     Pois/Air       42%        N/A       2%          2
c - Mephitic Cloud        Conj/Pois/Air  21%        N/A       5%          3
d - Ignite Poison         Fire/Tmut/Pois 32%        N/A       5%          3
e - Olgreb's Toxic Radia  Pois           21%        N/A       17%         4
f - Apportation           Tloc           42%        N/A       1%          1
g - Slow                  Hex            21%        N/A       2%          2
Your spell library was empty.

Dungeon Overview and Level Annotations

Branches:
Dungeon (3/15)

Altars:

Shops:
D:3 [=*[


Innate Abilities, Weirdness & Mutations

You are immune to poison.
Your flesh is very heat resistant. (rF++)
You are vulnerable to cold. (rC-)
You float through the air rather than walking.
You learn spells naturally, not from books.
Your magical power is your life essence.
You have superior vitality. (+4 HP)


Message History

You kill the hobgoblin!
Found Guas's Antique Armour Shoppe.
An ice beast comes into view.
There is a stone staircase leading up here.
You fly upwards.
There is a stone staircase leading down here.
Okay, then.
You fly downwards.
There is a stone staircase leading up here.
You can't go down here!
The puff of flame hits the ice beast.
The ice beast melts!
The ice beast is lightly wounded.
The ice beast hits you. The ice beast freezes you!
You feel a terrible chill!
You are too injured to fight recklessly!
You see here a +0 dagger.
Found a stone staircase leading down.
A bullfrog comes into view.
Found a tubular bone ring.
Found 16 stones.
Found Homnyc's General Store.
Aiming: Throw Flame
Press: ? - help, Shift-Dir - straight line, f/p - ice beast
Aim: an ice beast (lightly wounded, 32% to evade)
The puff of flame misses the ice beast.
The ice beast misses you.
The kobold shouts!
The kobold throws a stone.
The stone barely misses you.
You see here a ring of poison resistance.
Found a stone staircase leading up.
A gnoll comes into view. It is wielding a +0 halberd.
Found a stone staircase leading down.
The bullfrog misses you.
Found a tiny fluorescent amulet.
There is a stone staircase leading up here.
The bullfrog hits you.
Found Tikighiapp's Armour Emporium.
The bullfrog hits you.
* * * LOW HITPOINT WARNING * * *
An adder comes into view.
A gnoll comes into view. It is wielding a +0 flail.
The bullfrog hits you!
You die...

#.# ... ##.###### ##...
#.......###.....
#.............# ##
#...>....###.###K.
#....<....#.......
#.Y.....#....K.#..
...####.F...............
...."..@#####.∩.#...#...
...##...................
....∩............=....
####..S.........###....
....................
.................#..#
.......g..............
#...g..∩...............
.............


You could see an ice beast, a bullfrog, 2 gnolls and an adder (asleep).

Vanquished Creatures
  Sigmund (D:2)
  Robin (D:2)
  4 orcs
  5 endoplasms
  10 goblins (D:2)
  8 hobgoblins
  2 jackals (D:2)
  4 ball pythons
  2 frilled lizards
  4 kobolds
  2 rats (D:2)
43 creatures vanquished.

Notes
Turn   | Place    | Note
-------+----------+-------------------------------------------
     0 | D:1      | leviel the Djinni Venom Mage began the quest for the Orb.
     0 | D:1      | Reached XP level 1. HP: 15/15 MP: 0/0
    50 | D:1      | Found a faded altar of an unknown god.
   208 | D:1      | Reached skill level 3 in Spellcasting
   439 | D:1      | Reached XP level 2. HP: 11/21 MP: 0/0
  1348 | D:2      | Noticed Sigmund
  1358 | D:2      | Killed Sigmund
  1359 | D:2      | Reached skill level 4 in Spellcasting
  1359 | D:2      | Reached XP level 3. HP: 18/25 MP: 0/0
  1359 | D:2      | Learned a level 1 spell: Apportation
  1359 | D:2      | Reached XP level 4. HP: 22/31 MP: 0/0
  1359 | D:2      | Reached XP level 5. HP: 25/35 MP: 0/0
  1359 | D:2      | Learned a level 2 spell: Slow
  1627 | D:2      | Noticed Robin
  1845 | D:2      | Killed Robin
  1846 | D:2      | Reached skill level 5 in Spellcasting
  3217 | D:3      | Found Guas's Antique Armour Shoppe.
  3219 | D:3      | Noticed an ice beast
  3237 | D:3      | Found Homnyc's General Store.
  3249 | D:3      | Found Tikighiapp's Armour Emporium.
  3252 | D:3      | Found Noffoaho's Jewellery Boutique.
  3252 | D:3      | Slain by a bullfrog

Illustrated notes

Levels and vault maps discovered:
D:1:      minmay_arrival_four_circles, layout_basic,
          hellmonk_ecumenical_altar_slurped_away
D:2:      layout_basic, serial_curves, eino_curves_01, eino_curves_03,
          eino_curves_02, eino_curves_03, chequers_jeans, minmay_tetromino_t4,
          uniq_sigmund, uniq_robin
D:3:      layout_rooms, gammafunk_temple_overflow_claw, serial_shops, shop,
          shop, shop, shop, shop, uniq_ijyb, uniq_grinder

Skill      XL: |  1  2  3  4  5 |
---------------+----------------+-----
Spellcasting   | 3 4 5 |  5.1
Stealth        | 2 |  2.0
Fighting       | |  0.2
Staves         | |  0.1
Dodging        | |  2.6

Action                   |  1- 3 |  4- 6 || total
-------------------------+-------+-------++-------
Melee: Staff             |     5 |     1 ||     6
 Cast: Sting             |    37 |    49 ||    86
Evoke: Wand              |       |     2 ||     2
Armor: Robe              |       |     1 ||     1
Dodge: Dodged            |    18 |    16 ||    34

Table legend: (Time is in decaauts)
 A = Elapsed time spent in this place.
 B = Non-inter-level travel time spent in this place.
 C = Inter-level travel time spent in this place.
 D = Time resting spent in this place.
 E = Time spent auto-exploring this place.
 F = Levels seen in this place.
 G = Mean time per level.
                   A        B        C        D        E       F      G
               +--------+--------+--------+--------+--------+-----+--------+
         Total |   3255 |   3202 |     53 |    915 |   1957 |   3 | 1085.0 |
       Dungeon |   3255 |   3202 |     53 |    915 |   1957 |   3 | 1085.0 |
               +--------+--------+--------+--------+--------+-----+--------+

Top non-repeatable levels by time:
     D:2: 2380 daAuts
     D:1: 822 daAuts
     D:3: 52 daAuts
